[Event "Titled Tuesday Blitz February 15 Late 2022"]
[White "Pinto, Daniel"]
[Black "Gelman, Alexander"]
[WhiteFideId "3303144"]
[BlackFideId "4118316"]
[WhiteElo "1938"]
[BlackElo "2375"]
[Result "0-1"]
[Round "01"]
[TimeControl "180+1"]
[Date "2022.02.16"]
[WhiteClock "0:00:01"]
[BlackClock "0:00:25"]

1. Nf3 c5 2. c4 d6 3. g3 Nf6 4. Bg2 e6 5. O-O Be7 6. Nc3 a6 7. d3 O-O 8. Rb1 Nc6 9. a3 Rb8 10. b4 cxb4 11. axb4 b5 12. Ne1 Bd7 13. cxb5 axb5 14. Nc2 d5 15. e3 Bd6 16. Bd2 Qe7 17. Na2 Rfc8 18. d4 Ne4 19. f3 Nxd2 20. Qxd2 e5 21. Rfe1 Bf5 22. e4 dxe4 23. fxe4 Bd7 24. d5 Na7 25. Ne3 Rc7 26. Rbc1 Rbc8 27. Rxc7 Rxc7 28. Rc1 Qg5 29. Rxc7 Bxc7 30. Nf1 Qd8 31. Kh1 Nc8 32. Qc3 g6 33. Nd2 Bd6 34. Nc1 Nb6 35. Nd3 Qg5 36. Ne1 h5 37. Nef3 Qf6 38. Bf1 g5 39. Be2 g4 40. Ne1 Qf2 41. Qd3 Qxe1+ 42. Nf1 Qf2 43. Qd2 Bxb4 44. Qg5+ Kf8 45. Qh6+ Ke7 46. Qxb6 Qxb6 47. d6+ Bxd6 0-1


[Site "https://www.chess.com"]

[Event "Titled Tuesday Blitz February 15 Late 2022"]
[White "Ponkratov, Pavel"]
[Black "Levine, Joseph"]
[WhiteFideId "4157800"]
[BlackFideId "30940346"]
[WhiteElo "2487"]
[BlackElo "1802"]
[Result "1/2-1/2"]
[Round "01"]
[TimeControl "180+1"]
[Date "2022.02.15"]
[WhiteClock "0:01:43"]
[BlackClock "0:00:42"]

1. c4 e6 2. Nc3 d5 3. e3 Nf6 4. Nf3 c5 5. d4 Nc6 6. cxd5 exd5 7. Bb5 Bd7 8. O-O a6 9. Be2 Rc8 10. b3 Bg4 11. Bb2 cxd4 12. Nxd4 Bxe2 13. Ncxe2 Qd7 14. Nxc6 Rxc6 15. Bxf6 Rxf6 16. Nf4 d4 17. Re1 Be7 18. Nh5 Rg6 19. Qxd4 Qxd4 20. exd4 Kd7 21. Rac1 Bd6 22. Ng3 Bxg3 23. hxg3 Rd6 24. Re4 Re8 25. Rxe8 Kxe8 26. Rc7 Rxd4 27. Rxb7 Rd1+ 28. Kh2 Rd2 29. a4 Rxf2 30. b4 Rb2 31. a5 g6 32. g4 Kf8 33. g5 Kg7 34. Kg3 h6 35. gxh6+ Kxh6 36. Kf3 Kg5 37. g3 f5 38. Rb6 Rb3+ 39. Kf2 f4 40. gxf4+ Kxf4 41. Rxa6 Rxb4 42. Rxg6 Rb2+ 43. Ke1 Ra2 44. Ra6 Ke5 45. Kd1 Kd5 46. Kc1 Kc5 47. Ra8 Kb5 48. Rb8+ Ka6 49. Ra8+ Kb7 50. Rf8 Rxa5 51. Rf2 Rc5+ 52. Rc2 Rxc2+ 53. Kxc2 1/2-1/2


[Site "https://www.chess.com"]

[Event "Titled Tuesday Blitz February 15 Late 2022"]
[White "Poormosavi, Seyed Kian"]
[Black "Dias, Joao Batista"]
[WhiteFideId "12585807"]
[BlackFideId "2108240"]
[WhiteElo "2116"]
[BlackElo "1898"]
[Result "1-0"]
[Round "01"]
[TimeControl "180+1"]
[Date "2022.02.16"]
[WhiteClock "0:01:58"]
[BlackClock "0:01:37"]

1. e4 e6 2. d4 d5 3. Nd2 dxe4 4. Nxe4 Nd7 5. Nf3 Be7 6. Ng3 Ngf6 7. Bd3 O-O 8. O-O Re8 9. b3 Nf8 10. Bb2 Ng6 11. c4 b6 12. Ne5 Bb7 13. Nxg6 hxg6 14. Qe2 Bf8 15. Rad1 Qe7 16. Rfe1 a5 17. a3 Rad8 18. Bb1 Qd7 19. h4 Qc6 20. f3 Qd6 21. Ne4 Bxe4 22. fxe4 Nh5 23. e5 Qe7 24. g4 Qxh4 25. gxh5 gxh5 26. Qg2 g6 27. Re3 Bh6 28. Rh3 Qg5 29. Qxg5 Bxg5 30. Rdd3 Kg7 31. Rdg3 Kh6 32. Kg2 c5 33. Rxg5 Kxg5 34. Bc1+ Kg4 35. Rg3+ Kh4 36. Bg5# 1-0


[Site "https://www.chess.com"]

[Event "Titled Tuesday Blitz February 15 Late 2022"]
[White "Qashashvili, Alexandre"]
[Black "Nazaretyan, Tigran"]
[WhiteFideId "13600842"]
[BlackFideId "24162345"]
[WhiteElo "2316"]
[BlackElo "2192"]
[Result "1/2-1/2"]
[Round "01"]
[TimeControl "180+1"]
[Date "2022.02.16"]
[WhiteClock "0:01:56"]
[BlackClock "0:01:11"]

1. e4 c5 2. Nc3 Nc6 3. Nf3 d6 4. d3 g6 5. Be3 Bg7 6. Qd2 Nd4 7. Be2 e5 8. Bd1 Ne7 9. Bh6 O-O 10. h4 f5 11. h5 f4 12. Bxg7 Kxg7 13. hxg6 hxg6 14. g3 Rh8 15. Rg1 fxg3 16. fxg3 Nec6 17. Nd5 Be6 18. c3 Nxf3+ 19. Bxf3 Qf8 20. Rf1 Bxd5 21. exd5 Ne7 22. O-O-O 1/2-1/2


[Site "https://www.chess.com"]

[Event "Titled Tuesday Blitz February 15 Late 2022"]
[White "Quirke, Jeffrey"]
[Black "Yang, Kaiqi"]
[WhiteFideId "2013029"]
[BlackFideId "8604398"]
[WhiteElo "2176"]
[BlackElo "2373"]
[Result "1-0"]
[Round "01"]
[TimeControl "180+1"]
[Date "2022.02.16"]
[WhiteClock "0:00:13"]
[BlackClock "0:00:02"]

1. c4 Nf6 2. g3 g6 3. Bg2 Bg7 4. Nc3 O-O 5. Nf3 d6 6. d3 e5 7. O-O Nc6 8. b3 e4 9. dxe4 Nxe4 10. Nxe4 Bxa1 11. Bg5 f6 12. Bh6 Re8 13. Qxa1 Rxe4 14. Ng5 Re5 15. f4 Rf5 16. Bd5+ Rxd5 17. cxd5 Nb4 18. Qd4 a5 19. Ne4 Kf7 20. Bg5 fxg5 21. fxg5+ Bf5 22. g4 c5 23. Qb2 Qe7 24. gxf5 Qxe4 25. fxg6+ Kxg6 26. Qf6+ Kh5 27. Qh6+ Kg4 28. h3+ Kg3 29. Rf3+ Qxf3 30. exf3 Re8 31. Kf1 Nd3 32. Qe6 Rxe6 33. dxe6 Nf4 34. e7 1-0


[Site "https://www.chess.com"]

[Event "Titled Tuesday Blitz February 15 Late 2022"]
[White "Ramirez, Alejandro"]
[Black "Romero Ruscalleda, Josep"]
[WhiteFideId "6500617"]
[BlackFideId "2231859"]
[WhiteElo "2694"]
[BlackElo "2407"]
[Result "1-0"]
[Round "01"]
[TimeControl "180+1"]
[Date "2022.02.16"]
[WhiteClock "0:01:19"]
[BlackClock "0:01:26"]

1. Nf3 g6 2. d4 Bg7 3. g3 d6 4. Bg2 Nf6 5. O-O O-O 6. Nc3 Nbd7 7. e4 e5 8. a4 a6 9. a5 Qe7 10. Re1 Re8 11. h3 h6 12. b3 Kh7 13. Bb2 exd4 14. Nxd4 Ne5 15. f4 Nc6 16. Nxc6 bxc6 17. e5 dxe5 18. Rxe5 Qd7 19. Qxd7 Bxd7 20. Rd1 Nd5 21. Rxe8 Rxe8 22. Nxd5 cxd5 23. Bxg7 Kxg7 24. Rxd5 Bc6 25. Re5 Rxe5 26. fxe5 Bxg2 27. Kxg2 Kf8 28. b4 Ke7 29. b5 1-0


[Site "https://www.chess.com"]

[Event "Titled Tuesday Blitz February 15 Late 2022"]
[White "Rangel, Daniel"]
[Black "Weetik, Vjacheslav"]
[WhiteFideId "2124475"]
[BlackFideId "4153472"]
[WhiteElo "2187"]
[BlackElo "2469"]
[Result "0-1"]
[Round "01"]
[TimeControl "180+1"]
[Date "2022.02.16"]
[WhiteClock "0:00:02"]
[BlackClock "0:00:02"]

1. c4 e5 2. g3 Nc6 3. Bg2 g6 4. Nc3 Bg7 5. e3 f5 6. Nd5 Nce7 7. Ne2 c6 8. Nxe7 Qxe7 9. d4 e4 10. O-O Nf6 11. Nc3 d5 12. cxd5 cxd5 13. b3 Bd7 14. a4 Qe6 15. Ba3 Kf7 16. Qe2 Rhc8 17. Nb5 Bf8 18. Qb2 a6 19. Bxf8 Kxf8 20. Nc3 Rc7 21. Ne2 Qd6 22. Rfc1 Rac8 23. Rxc7 Rxc7 24. Rc1 Ke7 25. h4 h6 26. Nf4 Be8 27. Bh3 Bf7 28. Bf1 Ne8 29. b4 g5 30. hxg5 hxg5 31. Nh3 Kf6 32. b5 a5 33. Rc5 b6 34. Rc3 Rxc3 35. Qxc3 Qc7 36. Qa3 Nd6 37. Be2 Bg6 38. g4 Bh7 39. Kg2 Bg6 40. gxf5 Bxf5 41. Ng1 Ke6 42. Qb2 Qh7 43. Qc1 Qd7 44. f3 Qc8 45. Qd2 Nc4 46. Qe1 Nxe3+ 0-1


[Site "https://www.chess.com"]

[Event "Titled Tuesday Blitz February 15 Late 2022"]
[White "Reprintsev, Alexander"]
[Black "Abdrlauf, Elham"]
[WhiteFideId "14100541"]
[BlackFideId "1533533"]
[WhiteElo "2126"]
[BlackElo "2334"]
[Result "0-1"]
[Round "01"]
[TimeControl "180+1"]
[Date "2022.02.15"]
[WhiteClock "0:00:01"]
[BlackClock "0:00:04"]

1. e4 c6 2. Nc3 d5 3. Nf3 dxe4 4. Nxe4 Nf6 5. Qe2 Nxe4 6. Qxe4 Nd7 7. Bc4 Nf6 8. Qf4 Qd6 9. d3 Be6 10. Ne5 Bxc4 11. Nxc4 Qxf4 12. Bxf4 e6 13. O-O-O Be7 14. Nd6+ Bxd6 15. Bxd6 Kd7 16. Be5 Nd5 17. c4 Ne7 18. Bxg7 Rhg8 19. Be5 Rxg2 20. Bg3 Nf5 21. Rhg1 Rxg1 22. Rxg1 Rg8 23. Rf1 h5 24. Kd2 f6 25. Bf4 e5 26. Be3 Rg2 27. Bxa7 Rxh2 28. a4 h4 29. b4 h3 30. Ke1 Nh4 31. Ke2 Nf5 32. Ke1 Nd6 33. b5 e4 34. c5 Nf5 35. dxe4 Nd4 36. bxc6+ Kxc6 37. Bb8 Rg2 38. Rh1 h2 39. Kf1 Rg8 40. Bxh2 Nf3 41. Bg3 Nd2+ 42. Ke2 Nxe4 43. Rh6 Kxc5 44. Kf3 Kd5 45. Bf4 Ra8 46. Be3 Rxa4 47. Rh5+ Ke6 48. Rb5 Nd6 49. Rb6 Kd5 50. Bf4 Ra3+ 51. Kg4 Ne4 52. Rb5+ Kc6 0-1


[Site "https://www.chess.com"]

[Event "Titled Tuesday Blitz February 15 Late 2022"]
[White "Riehle, Marco"]
[Black "Chabris, Christopher"]
[WhiteFideId "12904392"]
[BlackFideId "2005263"]
[WhiteElo "2462"]
[BlackElo "2301"]
[Result "1-0"]
[Round "01"]
[TimeControl "180+1"]
[Date "2022.02.16"]
[WhiteClock "0:01:20"]
[BlackClock "0:00:02"]

1. e4 c5 2. a3 g6 3. h4 Bg7 4. h5 d5 5. exd5 Qxd5 6. Nc3 Qe5+ 7. Be2 Nc6 8. Nf3 Qc7 9. d3 Bg4 10. Be3 b6 11. Qd2 gxh5 12. O-O-O O-O-O 13. Ng5 e6 14. f3 Bf5 15. Rxh5 Bg6 16. Rhh1 h6 17. Nge4 Nd4 18. Kb1 Ne7 19. Bf4 e5 20. Bh2 f5 21. Nf2 a6 22. Rhe1 h5 23. f4 Bh6 24. Nh3 e4 25. dxe4 Nf3 26. Qe3 Nxh2 27. Bxa6+ Kb8 28. Nb5 Qc6 29. exf5 Nxf5 30. Qe5+ Ka8 31. Rd6 Rxd6 32. Qxh8+ Be8 33. Qxe8+ 1-0


[Site "https://www.chess.com"]

[Event "Titled Tuesday Blitz February 15 Late 2022"]
[White "Roque Sola, Jose Luis"]
[Black "Kwon, Sehyun"]
[WhiteFideId "5120390"]
[BlackFideId "13203088"]
[WhiteElo "1983"]
[BlackElo "1778"]
[Result "0-1"]
[Round "01"]
[TimeControl "180+1"]
[Date "2022.02.16"]
[WhiteClock "0:02:15"]
[BlackClock "0:01:37"]

1. c4 c5 2. Nc3 g6 3. Nf3 Bg7 4. g3 Nf6 5. Bg2 O-O 6. O-O Nc6 7. a3 d5 8. cxd5 Nxd5 9. d3 Nxc3 10. bxc3 Bxc3 11. Rb1 Bg7 12. Be3 Qd6 13. Qc1 b6 14. Bf4 Qe6 15. Ng5 Qd7 16. Ne4 Bb7 17. Bh6 Nd4 18. Bxg7 Nxe2+ 0-1


[Site "https://www.chess.com"]

[Event "Titled Tuesday Blitz February 15 Late 2022"]
[White "Rorrer, Grayson"]
[Black "Gatterer, Florian"]
[WhiteFideId "30944996"]
[BlackFideId "811688"]
[WhiteElo "2122"]
[BlackElo "2218"]
[Result "1-0"]
[Round "01"]
[TimeControl "180+1"]
[Date "2022.02.16"]
[WhiteClock "0:00:04"]
[BlackClock "0:00:01"]

1. e4 e5 2. Nc3 Nf6 3. d4 exd4 4. Qxd4 Nc6 5. Qd3 Bb4 6. Bd2 O-O 7. O-O-O d6 8. Qg3 Bg4 9. f3 Be6 10. Nge2 Kh8 11. a3 Ba5 12. h4 Nh5 13. Qg5 Nf6 14. h5 h6 15. Qh4 Ne5 16. Nd4 Bb6 17. Nde2 Nc4 18. Bf4 Be3+ 19. Kb1 Rb8 20. Nd4 Bxf4 21. Qxf4 b5 22. Nc6 Qd7 23. Nxb8 Rxb8 24. Bxc4 Bxc4 25. e5 Ne8 26. g4 a5 27. Ne4 b4 28. Nxd6 cxd6 29. Qxc4 bxa3 30. b3 a4 31. exd6 axb3 32. cxb3 a2+ 33. Kxa2 Nxd6 34. Qd4 Ra8+ 35. Kb2 Qc7 36. Qxd6 Qa7 37. Ra1 Qf2+ 38. Kb1 Re8 39. Qc6 Re2 40. Ra8+ Kh7 41. Qc3 g6 42. hxg6+ Kxg6 43. Rg8+ Kh7 44. Qg7# 1-0


[Site "https://www.chess.com"]

[Event "Titled Tuesday Blitz February 15 Late 2022"]
[White "Rosen, Eric"]
[Black "Nepomniachtchi, Ian"]
[WhiteFideId "2032562"]
[BlackFideId "4168119"]
[WhiteElo "2362"]
[BlackElo "2740"]
[Result "0-1"]
[Round "01"]
[TimeControl "180+1"]
[Date "2022.02.15"]
[WhiteClock "0:00:04"]
[BlackClock "0:00:13"]

1. d4 Nf6 2. Bf4 c5 3. e3 g6 4. Nf3 Bg7 5. Nbd2 O-O 6. Bc4 d5 7. Be2 Nc6 8. O-O Nh5 9. Be5 Nxe5 10. Nxe5 cxd4 11. exd4 Nf4 12. c3 f6 13. Nd3 Nxd3 14. Bxd3 e5 15. dxe5 fxe5 16. Qb3 Kh8 17. Rad1 a5 18. Bb5 Bg4 19. f3 Be6 20. Qa4 Qb6+ 21. Kh1 Rf4 22. c4 Raf8 23. Qc2 e4 24. fxe4 Rxf1+ 25. Rxf1 Rxf1+ 26. Nxf1 dxc4 27. Bxc4 Qc5 28. b3 b5 29. Bd3 Qe5 30. h3 b4 31. Bc4 Qc3 32. Qxc3 bxc3 33. Ne3 Bd7 34. Nc2 Bh6 35. Kg1 Kg7 36. Kf2 Kf6 37. Ke2 Ke5 38. Kd3 Bd2 39. Nd4 Kf4 40. Ne2+ Ke5 41. Nxc3 Be1 42. Ne2 Bc6 43. Bd5 Bb5+ 44. Ke3 Bb4 45. Nf4 Bc5+ 46. Kf3 Bd4 47. Ne6 Bb2 48. Ng5 h5 49. Nf7+ Kf6 50. Nd6 Bd3 51. Nc4 Bc3 52. Ke3 Bb1 53. a4 Bc2 54. Nd6 Ke5 55. Nc4+ Kf6 56. Nd6 Ke5 57. Nb5 Bb4 58. g4 h4 59. Na7 Bc5+ 60. Kd2 Bxe4 61. Bxe4 Kxe4 62. Nc6 Kf3 63. Nxa5 Bb4+ 64. Kd3 Bxa5 65. Kc4 Kg3 66. b4 Bb6 67. a5 Bf2 68. b5 Kxh3 69. b6 Kg2 70. Kb5 h3 71. a6 Bxb6 72. a7 Bxa7 73. Kc6 h2 74. Kd5 h1=Q 75. Ke6 Qh4 76. g5 Qxg5 0-1


[Site "https://www.chess.com"]

[Event "Titled Tuesday Blitz February 15 Late 2022"]
[White "Rustemov, Alexander"]
[Black "Antova, Gabriela"]
[WhiteFideId "4119002"]
[BlackFideId "2915235"]
[WhiteElo "2778"]
[BlackElo "2184"]
[Result "1-0"]
[Round "01"]
[TimeControl "180+1"]
[Date "2022.02.16"]
[WhiteClock "0:00:36"]
[BlackClock "0:00:03"]

1. d4 d5 2. c4 dxc4 3. Nf3 Nf6 4. e3 b5 5. a4 b4 6. Bxc4 e6 7. O-O Be7 8. Nbd2 O-O 9. b3 Bb7 10. Bb2 c5 11. Be2 Nbd7 12. Nc4 cxd4 13. Nxd4 Nc5 14. Bf3 Bxf3 15. Qxf3 Qd5 16. Nc6 Rfe8 17. N4a5 Qxf3 18. gxf3 Bf8 19. Bxf6 gxf6 20. Rac1 f5 21. Rc4 a6 22. Nxb4 Red8 23. Rfc1 Nd3 24. Nxd3 Rxd3 25. b4 Ra3 26. Rc8 Rxc8 27. Rxc8 Rxa4 28. Nc6 Kg7 29. Rc7 Bd6 30. Rb7 Kg6 31. f4 Ra1+ 32. Kg2 Rb1 33. Rd7 Bf8 34. Ne5+ Kh6 35. Nxf7+ Kh5 36. Ng5 h6 37. Nxe6 Bxb4 38. Nd4 Kg6 39. Ra7 a5 40. Ra6+ Kf7 41. Nxf5 Rb2 42. Nxh6+ Kf8 43. Ng4 Ra2 44. Ne5 a4 45. f5 1-0


[Site "https://www.chess.com"]

[Event "Titled Tuesday Blitz February 15 Late 2022"]
[White "Saim, Mohamed Ilias"]
[Black "Gurevich, Dmitry"]
[WhiteFideId "7900465"]
[BlackFideId "2000407"]
[WhiteElo "2006"]
[BlackElo "2506"]
[Result "0-1"]
[Round "01"]
[TimeControl "180+1"]
[Date "2022.02.16"]
[WhiteClock "0:00:06"]
[BlackClock "0:00:53"]

1. d4 Nf6 2. Nf3 e6 3. e3 c5 4. Bd3 b6 5. b3 cxd4 6. exd4 Bb7 7. Bb2 Be7 8. Nbd2 O-O 9. O-O a6 10. Ne5 d6 11. Ng4 Nbd7 12. f4 Nxg4 13. Qxg4 Nf6 14. Qg3 g6 15. Qh3 Rc8 16. Nf3 Bxf3 17. Rxf3 b5 18. Rg3 d5 19. Qh6 Re8 20. Rh3 Bf8 21. Qg5 Bg7 22. Rf1 Ne4 23. Qg4 f5 24. Qf3 Qb6 25. g4 Bxd4+ 26. Bxd4 Qxd4+ 27. Kg2 Nd2 28. Qf2 Qxf2+ 29. Rxf2 Ne4 30. Rf1 Rc6 31. gxf5 exf5 32. Kh1 b4 33. Re1 a5 34. Rhe3 Kg7 35. Kg2 Kf6 36. Bb5 Rxc2+ 37. Kf3 Rf2# 0-1


[Site "https://www.chess.com"]

[Event "Titled Tuesday Blitz February 15 Late 2022"]
[White "Samarth, J Rao"]
[Black "Jacobson, Aaron"]
[WhiteFideId "46652370"]
[BlackFideId "2089912"]
[WhiteElo "1514"]
[BlackElo "2265"]
[Result "0-1"]
[Round "01"]
[TimeControl "180+1"]
[Date "2022.02.16"]
[WhiteClock "0:00:01"]
[BlackClock "0:00:18"]

1. c4 e5 2. Nc3 Nf6 3. Nf3 Nc6 4. e3 Bb4 5. Qc2 d6 6. Ne2 a5 7. a3 Bc5 8. d4 exd4 9. Nexd4 O-O 10. b3 Nxd4 11. Nxd4 Bxd4 12. exd4 Re8+ 13. Be2 Qe7 14. Be3 Ng4 15. Bxg4 Bxg4 16. h3 Bh5 17. d5 Bg6 18. Qc3 Be4 19. O-O Qh4 20. f3 Bf5 21. Bf2 Qg5 22. g4 h5 23. Rfe1 hxg4 24. hxg4 a4 25. Be3 Qg6 26. Kf2 Bd7 27. b4 f5 28. gxf5 Qxf5 29. Rg1 Re5 30. Bd4 Rae8 31. Bxe5 dxe5 32. Rg3 Re7 33. Rag1 Qh5 34. Qe3 e4 35. Qd4 e3+ 36. Ke2 Qh7 37. R1g2 Qc2+ 38. Ke1 Qh7 39. Qc3 e2 40. Rxe2 Qh1+ 41. Kd2 Rxe2+ 42. Kxe2 Qh2+ 43. Ke3 Qxg3 44. Qd4 Qg1+ 45. Ke4 Bf5+ 46. Ke5 Qg5 47. Qf4 Qf6# 0-1


[Site "https://www.chess.com"]

[Event "Titled Tuesday Blitz February 15 Late 2022"]
[White "Sanal, Vahap"]
[Black "Ribeiro, Matheus Mendes Domingues"]
[WhiteFideId "6300545"]
[BlackFideId "324226923"]
[WhiteElo "2603"]
[BlackElo "1886"]
[Result "0-1"]
[Round "01"]
[TimeControl "180+1"]
[Date "2022.02.15"]
[WhiteClock "0:00:04"]
[BlackClock "0:00:26"]

1. e4 c5 2. Nc3 e6 3. g3 Nc6 4. Bg2 Nf6 5. d3 d5 6. exd5 exd5 7. Bg5 Be7 8. Nge2 O-O 9. O-O Bg4 10. h3 Bxe2 11. Qxe2 Re8 12. Qd1 d4 13. Bxf6 Bxf6 14. Ne4 Be7 15. a4 Rc8 16. Nd2 a6 17. Re1 Bd6 18. Nc4 Bb8 19. a5 Qf6 20. Qf3 Qxf3 21. Bxf3 Kf8 22. Rxe8+ Rxe8 23. Bxc6 bxc6 24. Kf1 Bc7 25. Re1 Rxe1+ 26. Kxe1 Ke7 27. Ke2 Ke6 28. f4 f5 29. Kf3 g6 30. g4 Kf6 31. g5+ Ke6 32. h4 Ke7 33. Kg3 Ke6 34. Kf3 Ke7 35. Ne5 Bxe5 36. fxe5 Ke6 37. Kf4 Kd5 38. c3 Ke6 39. c4 Ke7 40. Kf3 Kd7 41. Kg3 Ke7 42. Kf4 Kd7 43. b3 Ke6 44. Kg3 Kxe5 45. Kf3 Kd6 46. Kg3 Ke6 47. Kf3 Ke5 48. Kg3 Ke6 49. Kh3 Kf7 50. Kg3 Kg7 51. Kf3 h6 52. Kf4 hxg5+ 53. hxg5 Kf7 54. Ke5 Ke7 55. Kf4 Ke6 56. Kf3 Ke5 57. Kg3 f4+ 58. Kg4 f3 59. Kxf3 Kf5 60. Kg3 Kxg5 61. Kf3 Kf5 62. Kg3 g5 63. Kf3 g4+ 64. Kg3 Kg5 65. Kf2 Kf4 66. Kg2 Ke3 67. Kg3 Kxd3 0-1


[Site "https://www.chess.com"]

[Event "Titled Tuesday Blitz February 15 Late 2022"]
[White "Sarana, Alexey"]
[Black "Adewumi, Tanitoluwa"]
[WhiteFideId "24133795"]
[BlackFideId "30966396"]
[WhiteElo "2665"]
[BlackElo "2566"]
[Result "1-0"]
[Round "01"]
[TimeControl "180+1"]
[Date "2022.02.15"]
[WhiteClock "0:02:24"]
[BlackClock "0:00:54"]

1. d4 Nf6 2. c4 e6 3. Nc3 d5 4. cxd5 exd5 5. Bg5 Be7 6. e3 c6 7. Bd3 Nbd7 8. h3 O-O 9. Nf3 Re8 10. Qc2 Nf8 11. O-O g6 12. Ne5 Ne6 13. Bh6 Ng7 14. g4 Nd7 15. f4 Nxe5 16. fxe5 Bg5 17. Bxg5 Qxg5 18. Qf2 Be6 19. Qf4 Qh4 20. Rf3 Rad8 21. Raf1 b6 22. Qf6 Qh6 23. Ne2 Rf8 24. Nf4 Ne8 25. Qxd8 1-0


[Site "https://www.chess.com"]

[Event "Titled Tuesday Blitz February 15 Late 2022"]
[White "Sarkar, Justin"]
[Black "Iskusnyh, Sergei"]
[WhiteFideId "2010011"]
[BlackFideId "4120027"]
[WhiteElo "2038"]
[BlackElo "2492"]
[Result "0-1"]
[Round "01"]
[TimeControl "180+1"]
[Date "2022.02.16"]
[WhiteClock "0:00:01"]
[BlackClock "0:00:06"]

1. e4 e6 2. d4 d5 3. Nc3 Nf6 4. Bg5 dxe4 5. Nxe4 Nbd7 6. Nf3 h6 7. Nxf6+ Nxf6 8. Bxf6 Qxf6 9. Bb5+ c6 10. Bd3 g6 11. O-O Bg7 12. c3 O-O 13. Qe2 Bd7 14. Ne5 Rad8 15. f4 Bc8 16. g3 c5 17. dxc5 Qe7 18. b4 Qc7 19. Rac1 b6 20. cxb6 Qxb6+ 21. Kg2 Bb7+ 22. Be4 Bxe4+ 23. Qxe4 Rd2+ 24. Kh1 Rfd8 25. Nc4 Qa6 26. Nxd2 Rxd2 27. Rfd1 Rxa2 28. Rc2 Rxc2 29. Qxc2 Qc6+ 30. Qg2 Qxc3 31. b5 Qb3 32. Qe2 Bf6 33. Kg2 h5 34. h4 Kg7 35. Kh3 Qa4 36. Qd3 Qa2 37. Rd2 Qa1 38. Rd1 Qa5 39. Rd2 Qb6 40. Rd1 Qc5 41. Re1 Qf2 42. Re2 Qf1+ 43. Kh2 Kh7 44. Rd2 Qa1 45. Qc4 Kg7 46. Qd3 Qa4 47. Rc2 Qa5 48. Qc4 Qb6 49. Qd3 Qb7 50. Re2 Kh7 51. Rc2 Kg7 52. Re2 Qb6 53. Rd2 Qc5 54. Re2 Qc1 55. Rd2 Qa1 56. Re2 Kh7 57. Rc2 Be7 58. Re2 Bc5 59. Kg2 Qg1+ 60. Kf3 Qf1+ 61. Ke4 Qa1 62. Qc2 Qh1+ 63. Kd3 Qf3+ 64. Kc4 Qd5+ 65. Kc3 Qd4+ 66. Kb3 Qb4+ 67. Ka2 Qa5+ 68. Kb1 Qxb5+ 69. Qb2 Qd3+ 70. Qc2 Qb5+ 71. Qb2 Qa5 72. Kc2 Qc7 73. Qc3 Qb6 74. Re4 Bf8 0-1


[Site "https://www.chess.com"]

[Event "Titled Tuesday Blitz February 15 Late 2022"]
[White "Slugin, Sergey"]
[Black "Zierk, Steven"]
[WhiteFideId "4122569"]
[BlackFideId "2034255"]
[WhiteElo "2456"]
[BlackElo "2833"]
[Result "1/2-1/2"]
[Round "01"]
[TimeControl "180+1"]
[Date "2022.02.16"]
[WhiteClock "0:00:06"]
[BlackClock "0:00:32"]

1. e4 e6 2. d4 d5 3. Nc3 Bb4 4. e5 c5 5. a3 Bxc3+ 6. bxc3 Qa5 7. Bd2 Qa4 8. Qb1 c4 9. g3 Nc6 10. Bg2 Bd7 11. Ne2 O-O-O 12. O-O f6 13. f4 f5 14. Qb2 Nge7 15. Rab1 b6 16. Nc1 h5 17. h4 Ng8 18. Na2 Nh6 19. Nb4 Kb7 20. Qa2 Rc8 21. Rb2 Ne7 22. Qb1 Kc7 23. Bc1 Kd8 24. Na2 Nc6 25. Nb4 Ne7 26. Na2 Ke8 27. Rb4 Qa6 28. Bf3 Ng4 29. a4 Nc6 30. Ba3 Kf7 31. Rb2 Qxa4 32. Bd6 Qa6 33. Nb4 Nxb4 34. Rxb4 Qb7 35. Qb2 Bc6 36. Ra1 Ra8 37. Qb1 Qd7 38. Ra6 Kg6 39. Qa1 Nh6 40. Rb2 Nf7 41. Rba2 Nxd6 42. exd6 Qxd6 43. Rxa7 Rab8 44. Qb2 b5 45. Qb4 Qxb4 46. cxb4 Rb7 47. Rxb7 Bxb7 48. Ra7 Rb8 49. c3 Kf6 50. Bxh5 g6 51. Bf3 Ke7 52. Kf2 Kd6 53. Ke3 Kc6 54. Ra1 Kb6 55. Kd2 Bc6 56. Ke3 Be8 57. Kd2 Bf7 58. Ke3 1/2-1/2


[Site "https://www.chess.com"]

[Event "Titled Tuesday Blitz February 15 Late 2022"]
[White "Sohal, Tanraj"]
[Black "Van den Dikkenberg, Erik"]
[WhiteFideId "2608499"]
[BlackFideId "1005880"]
[WhiteElo "2200"]
[BlackElo "2118"]
[Result "1-0"]
[Round "01"]
[TimeControl "180+1"]
[Date "2022.02.16"]
[WhiteClock "0:01:09"]
[BlackClock "0:00:07"]

1. d4 Nf6 2. Nf3 g6 3. g3 Bg7 4. Bg2 O-O 5. O-O d6 6. b3 Nbd7 7. Bb2 c6 8. c4 Qc7 9. Nc3 e5 10. d5 a5 11. Rc1 Nc5 12. Nd2 Bg4 13. h3 Bf5 14. g4 Bd7 15. f4 exf4 16. Rxf4 h5 17. Qf1 Nh7 18. gxh5 gxh5 19. Nde4 Rae8 20. Nxc5 dxc5 21. dxc6 Bxc6 22. Nd5 Bxd5 23. Bxg7 Bxg2 24. Qxg2 Qxf4 25. Bh6+ Ng5 26. Bxg5 Qf5 27. Rf1 Qg6 28. Rf6 Qg7 29. h4 Re4 30. Qf3 Rg4+ 31. Kf2 Re8 32. Qf5 Ree4 33. Rd6 Rxg5 34. Rd8+ Qf8 35. Rxf8+ 1-0


[Site "https://www.chess.com"]

[Event "Titled Tuesday Blitz February 15 Late 2022"]
[White "Sorokin, Aleksey"]
[Black "Vusatiuk, Vladimir"]
[WhiteFideId "24176460"]
[BlackFideId "14118610"]
[WhiteElo "2476"]
[BlackElo "2157"]
[Result "1-0"]
[Round "01"]
[TimeControl "180+1"]
[Date "2022.02.15"]
[WhiteClock "0:00:37"]
[BlackClock "0:00:02"]

1. e4 c5 2. Nf3 d6 3. d4 cxd4 4. Nxd4 Nf6 5. Nc3 Nc6 6. Bg5 Bd7 7. Qd2 Rc8 8. O-O-O Nxd4 9. Qxd4 Qa5 10. Bxf6 gxf6 11. Kb1 Qc5 12. Qd2 h5 13. f4 Bg7 14. Nd5 f5 15. Bd3 e6 16. Ne3 fxe4 17. Bxe4 d5 18. Bf3 Qb6 19. Qc1 Rc5 20. Rd3 Rb5 21. Rb3 a5 22. Rd1 a4 23. Rxb5 Qxb5 24. Rd3 O-O 25. f5 d4 26. fxe6 Bxe6 27. Nf1 Bf5 28. Rd2 Bh6 29. Ng3 a3 30. b3 d3 31. Nxf5 Qxf5 32. cxd3 Rc8 33. Qd1 Bxd2 34. Qxd2 b6 35. Be4 Qc5 36. d4 Qe7 37. Qf4 Rd8 38. Kc2 Kf8 39. Kd3 Qd6 40. Qxd6+ Rxd6 41. Kc4 h4 42. d5 Ke7 43. Kb4 f5 44. Bf3 Kf6 45. Kxa3 Ke5 46. Kb4 Kf4 47. h3 Rg6 48. a4 Ke3 49. Kb5 Kd4 50. b4 f4 51. a5 bxa5 52. bxa5 Ke5 53. a6 Rg8 54. a7 Kd6 55. Kb6 1-0


[Site "https://www.chess.com"]

[Event "Titled Tuesday Blitz February 15 Late 2022"]
[White "Stanisz, Patryk"]
[Black "Jaferian, Koosha"]
[WhiteFideId "1123106"]
[BlackFideId "12507440"]
[WhiteElo "1876"]
[BlackElo "2027"]
[Result "1-0"]
[Round "01"]
[TimeControl "180+1"]
[Date "2022.02.16"]
[WhiteClock "0:00:12"]
[BlackClock "0:00:10"]

1. Nf3 d5 2. d4 Nf6 3. c4 c6 4. Nc3 a6 5. e3 b5 6. b3 e6 7. Be2 Nbd7 8. O-O Bd6 9. Bb2 O-O 10. Qc2 b4 11. Na4 Ne4 12. Nd2 Nxd2 13. Qxd2 a5 14. Rae1 f5 15. f3 Nf6 16. Bd3 Ba6 17. Qe2 Qc7 18. g3 Rab8 19. Rc1 Rfc8 20. Kg2 Qe7 21. cxd5 Bxd3 22. Qxd3 cxd5 23. Qa6 Rxc1 24. Rxc1 Nh5 25. Rc6 Rd8 26. Nb6 Qg5 27. f4 Qg4 28. Rc8 Rf8 29. Rxf8+ Bxf8 30. Nd7 Kf7 31. Ne5+ Kg8 32. Nxg4 fxg4 33. Qxa5 Nf6 34. Qd8 Kf7 35. Qb8 Nd7 36. Qc7 Ke8 37. Qc8+ Ke7 38. Bc1 Nf6 39. Bd2 Kf7 40. Qb7+ Kg8 41. Bxb4 Bxb4 42. Qxb4 Ne4 43. Qb8+ Kf7 44. a4 Nf6 45. a5 Nd7 46. Qc7 Ke7 47. a6 Ke8 48. Qc8+ Ke7 49. a7 Nb6 50. Qb7+ Nd7 51. Qxd7+ Kf6 52. a8=Q h5 53. Qdd8+ Kg6 54. Qac8 h4 55. Qxe6+ Kh7 56. Qg5 h3+ 57. Kf1 Kh8 58. Qe8+ Kh7 59. Qeg6+ Kg8 60. Qxg7# 1-0


[Site "https://www.chess.com"]